 BcadrenCrawl: Boulder Brew version 0.03.2.1-42-g860841ac0a (webtiles) character file.

Game seed: 16009014031410906065, levelgen mode: deterministic

2466793 esc the Centaur Arbalest (level 27, 264/264 HPs) Centaur Noble. Began on Jan 25, 2021. Was an Initiate of Gozag Ym Sagoz. Escaped with the Orb ... and 3 runes! The game lasted 01:37:16 (35534 turns).

esc the Centaur Arbalest (Centaur Noble)           Turns: 35534, Time: 01:37:17

Health: 264/264    AC: 54    Str: 23    XL:     27
Magic:  24/24      EV: 16    Int: 11    God:    Gozag Ym Sagoz
Gold:   13520      SH:  0    Dex: 22    Spells: 28/28 levels left

rFire    + + +     Vision   +   c - +9 triple crossbow (molten)
rCold    . . .     Gourm    .   (also wielding the above weapon)
rNeg     . . .     Faith    .   R - +10 plate armour {Str+3}
rPois    .         Spirit   .   P - +3 crown of Dyrovepreva {rElec Int+2 +Vis}
rElec    +         Reflect  .   K - +2 cloak {rF+}
rCorr    .         Harm     +   d - +2 pair of gloves {archery}
MR       ++...                  L - +4 centaur barding {Dex+3}
Stlth    ..........             x - amulet of harm
HPRegen  0.98/turn              y - ring of slaying
MPRegen  0.34/turn              z - ring "Apaxerru" {rF++ AC+5}

@: very slightly contaminated, very quick
A: large, hooves 3, deformed body, speed 2, screaming 1, tough skin 3
0: Orb of Zot
}: 3/15 runes: serpentine, barnacled, silver
a: Potion Petition, Call Merchant, Bribe Branch, Renounce Religion


You escaped.
You worshipped Gozag Ym Sagoz.
Gozag Ym Sagoz was extremely pleased with you.
You were very full.

You visited 9 branches of the dungeon, and saw 40 of its levels.
You visited 2 bazaars.
You also visited: Ice Cave, Volcano and Market.

You collected 34865 gold pieces.
You spent 8878 gold pieces at shops.
You paid 13467 gold pieces to Gozag.

Inventory:

Weapons
 c - a +9 triple crossbow of molten steel (weapon)
Armour
 d - a +2 pair of gloves of archery (worn)
 K - a +2 cloak of fire resistance (worn)
 L - a +4 centaur barding of dexterity (worn)
 P - the +3 crown of Dyrovepreva (worn) {rElec Int+2 +Vis}
   (You bought it in a shop on level 1 of the Vaults)

   It affects your intelligence (+2).
   It insulates you from electricity.
   It improves your vision.
 R - a +10 plate armour of strength (worn)
Jewellery
 x - an amulet of harm (around neck)
 y - a ring of slaying (left hand)
 z - the ring "Apaxerru" (right hand) {rF++ AC+5}
   (You bought it in a shop on level 5 of the Vaults)

   [ring of protection]

   It affects your AC (+5).
   It greatly protects you from fire.
 S - the ring of Equivalence {+Blink rN+ AC+5 Dex+4}
   (You found it on level 5 of the Depths)

   [ring of protection]

   It affects your AC (+5).
   It affects your dexterity (+4).
   It protects you from negative energy.
   It lets you blink.
 T - an uncursed ring of slaying
Wands
 e - a wand of healing (21)
 n - a wand of disintegration (62)
 q - a wand of flame (57)
 r - a wand of acid (59)
 t - a wand of random effects (84)
 v - a wand of enslavement (24)
 w - a wand of ensnaring (30)
 D - a wand of iceblast (87)
 F - a wand of polymorph (42)
 H - a wand of clouds (22)
 N - a wand of scattershot (6)
 O - a wand of hasting (11)
Scrolls
 g - 3 scrolls of holy word
 h - 17 scrolls of fear
 j - 17 scrolls of teleportation
 m - 9 scrolls of fog
 o - 3 scrolls of summoning
 p - a scroll of magic mapping
 s - 5 scrolls of bless item
 C - 21 scrolls of blinking
 Q - 7 scrolls of enchantment
Potions
 a - 9 potions of mutation
 f - 43 potions of curing
 i - 9 potions of agility
 k - 17 potions of might
 l - 10 potions of haste
 A - 8 potions of resistance
 B - 8 potions of cancellation
 E - 16 potions of heal wounds
 G - 6 potions of magic
 I - 5 potions of invisibility
 J - 10 potions of berserk rage
 M - 2 potions of ambrosia
Comestibles
 b - 65 rations


   Skills:
 + Level 24.4 Fighting
 O Level 27 Crossbows
 + Level 19.4 Armour
 + Level 16.7 Dodging
 - Level 0.4 Stealth
 - Level 1.0 Spellcasting


You had 28 spell levels left.
You didn't know any spells.
Your spell library contained the following spells:

 Spells                   Type           Power        Failure   Level  Hunger
 Confusing Touch          Hex            0 (50)       61%         1    ##.....
 Flame Tongue             Fire           0 (30)       61%         1    ##.....
 Foxfire                  Fire           0 (25)       61%         1    ##.....
 Infusion                 Chrm           0 (25)       61%         1    ##.....
 Magic Candle             Hex/Fire       0 (90)       61%         1    ##.....
 Pain                     Hex/Necr       0 (25)       61%         1    ##.....
 Poisonous Vapours        Pois/Air       0 (50)       61%         1    ##.....
 Summon Small Mammal      Summ           0 (25)       61%         1    ##.....
 Blink                    Tloc           N/A          75%         2    ###....
 Corpse Rot               Tmut/Necr      N/A          75%         2    ###....
 Passwall                 Tmut/Erth      0 (120)      75%         2    ###....
 Searing Ray              Fire           0 (50)       75%         2    ###....
 Shroud of Golubria       Chrm/Tloc      0 (200)      75%         2    ###....
 Song of Slaying          Chrm           0 (100)      75%         2    ###....
 Sting                    Pois           0 (25)       75%         2    ###....
 Sublimation of Blood     Necr           0 (200)      75%         2    ###....
 Confuse                  Hex            0 (100)      93%         3    ####...
 Conjure Flame            Fire           0 (100)      93%         3    ####...
 Ignite Poison            Fire/Tmut      0 (100)      93%         3    ####...
 Inner Flame              Hex/Fire       0 (100)      93%         3    ####...
 Mephitic Cloud           Pois/Air       0 (100)      93%         3    ####...
 Pryten's Skeletal Upris  Chrm/Necr      0 (200)      93%         3    ####...
 Recall                   Summ/Tloc      N/A          93%         3    ####...
 Regeneration             Chrm/Necr      0 (200)      93%         3    ####...
 Spectral Weapon          Chrm/Summ      0 (100)      93%         3    ####...
 Static Discharge         Air            0 (100)      93%         3    ####...
 Teleport Other           Hex/Tloc       0 (100)      93%         3    ####...
 Vampiric Draining        Necr           0 (200)      93%         3    ####...
 Animate Dead             Necr           N/A          100%        4    #####..
 Force Lance              Tloc/Air       0 (200)      100%        4    #####..
 Force Lasso              Tloc/Erth      0 (200)      100%        4    #####..
 Leda's Liquefaction      Tmut/Erth      0 (200)      100%        4    #####..
 Muse Oam's Air Blast     Tloc/Air       0 (100)      100%        4    #####..
 Olgreb's Toxic Radiance  Pois           0 (100)      100%        4    #####..
 Petrify                  Tmut/Erth      0 (100)      100%        4    #####..
 Sticky Flame             Fire/Pois      0 (100)      100%        4    #####..
 Aura of Abjuration       Summ           0 (200)      100%        5    ######.
 Bolt of Draining         Necr           0 (200)      100%        5    ######.
 Bolt of Magma            Fire/Erth      0 (200)      100%        5    ######.
 Fireball                 Fire           0 (200)      100%        5    ######.
 Irradiate                Tmut/Pois      0 (200)      100%        5    ######.
 Iskenderun's Battlesphe  Chrm/Erth      0 (100)      100%        5    ######.
 Silence                  Hex/Air        0 (200)      100%        5    ######.
 Summon Forest            Summ/Erth      0 (200)      100%        5    ######.
 Summon Mana Viper        Summ/Pois      0 (100)      100%        5    ######.
 Bolt of Fire             Fire           0 (200)      100%        6    #######
 Borgnjor's Vile Clutch   Necr/Erth      0 (200)      100%        6    #######
 Cigotuvi's Degeneration  Tmut/Necr      0 (200)      100%        6    #######
 Death Channel            Chrm/Necr      0 (200)      100%        6    #######
 Deflect Missiles         Chrm/Air       0 (200)      100%        6    #######
 Eringya's Noxious Bog    Tmut/Pois      0 (200)      100%        6    #######
 Iron Shot                Erth           0 (200)      100%        6    #######
 Ring of Flames           Chrm/Fire      0 (200)      100%        6    #######
 Shadow Creatures         Summ           N/A          100%        6    #######
 Simulacrum               Ice/Necr       0 (200)      100%        6    #######
 Starburst                Fire           0 (200)      100%        6    #######
 Statue Form              Tmut/Erth      0 (150)      100%        6    #######
 Tunneling                Erth           0 (200)      100%        6    #######
 Iskenderun's Icy Sphere  Ice            0 (200)      100%        7    #######
 Spellforged Servitor     Summ           0 (200)      100%        7    #######
 Ignition                 Fire           0 (200)      100%        8    #######
 Shatter                  Erth           0 (200)      100%        9    #######
 Tornado                  Air            0 (200)      100%        9    #######
 Passage of Golubria      Tloc           Unusable     N/A         4    N/A

Dungeon Overview and Level Annotations

Branches:
Dungeon (8/8)              Temple (1/1) D:4            Lair (6/6) D:5
 Shoals (4/4) Lair:3        Snake (4/4) Lair:3        Slime (0/5) Lair:5
    Orc (2/2) D:6             Elf (0/3) Orc:2        Vaults (5/5) D:7
  Crypt (0/3) Vaults:3     Depths (5/5) D:8             Zot (5/5) Depths:5
  IceCv (visited)         Volcano (visited)

Altars:
Cheibriados
Elyvilon
Fedhas Madash
Gozag Ym Sagoz
Hepliaklqana
Kikubaaqudgha
Makhleb
Okawaru
Qazlal
Ru
Sif Muna
Trog
Uskayaw
Vehumet
Wu Jian
Yredelemnul
Zin
The Shining One
Beogh
Jiyva

Shops:
Orc:1 }   Orc:2 [:!!**([[   Shoals:4 !}   Snake:1 *   Snake:2 *(   Vaults:1 [
Vaults:3 }*:   Vaults:5 =(*[(=   Depths:1 (   Depths:3 }   Depths:4 [
Depths:5 [?

Portals:
Hell: Depths:1 Depths:2 Depths:3 Depths:4 Depths:5
Abyss: Depths:4
Pandemonium: Orc:2 Depths:2 Depths:3 Depths:5
Ziggurat: Depths:2

Annotations:
Lair:3 3 runed translucent doors, Fuxod's ghost, journeyman GnWn
Lair:5 3 runed translucent doors, Ruewk's ghost, journeyman CeAM
Zot:4 3 runed translucent doors, Mikey69's ghost, legendary DsBe


Innate Abilities, Weirdness & Mutations

You have hooves in place of feet.
Armour fits poorly on your strangely shaped body.
You cover ground very quickly.
You have extremely tough skin. (AC +3)
You occasionally shout uncontrollably at your foes.


Message History

You climb upwards.
There is a stone staircase leading down here.
You are feeling hungry.
You eat one of the 67 rations.
That ration really hit the spot!
You eat one of the 66 rations.
That ration really hit the spot!
(D) Dungeon (T) Temple (L) Lair (A) Shoals (P) Snake Pit (M) Slime Pits (O) Orcish Mines (E) Elven Halls (V) Vaults (C) Crypt (U) Depths (H) Hell (Z) Zot
Where to? (Enter - D:1, ? - help)
Items here: )))) a +0 dagger x2; a cursed +0 dagger {(Curse: Dex-2)}; a +0 club
There is a stone staircase leading up here.
You climb upwards.
There is a stone staircase leading down here.
You see here a +0 club.
You enter the shallow water.
Moving in this stuff is going to be slow.
There is a staircase leading out of the dungeon here.
You have escaped!

#.# ##....##.##.#
#.# #.#
#.#####.##.# #..
#.# #.# #.##.######
#.# ###.###
#.##....... #.#
#.....# #≈#########
#.###.....###>#
#...........)≈#
##.##########.#
#.###@..###..#
#..♣##.##≈...#
#.≈≈P#.#♣≈≈..#
#.≈≈≈≈≈≈≈≈≈..#
##≈≈P#'#♣≈≈..##
#.≈##.##♣....######
####...###......†.#
#######...####.#
#.###### #.#


There were no monsters in sight!

Vanquished Creatures
  5 ancient liches
  7 orbs of fire
  3 Killer Klowns
  Frederick (Vaults:2)
  Sojobo (Vaults:5)
  Margery (Vaults:3)
  Xtahua (Vaults:3)
  Saint Roka (Vaults:5)
  3 curse toes (Zot:3)
  4 golden dragons
  Nikola (Shoals:2)
  3 electric golems
  4 caustic shrikes
  3 liches
  5 quicksilver dragons
  A titan (Zot:4)
  5 juggernauts
  An ancient champion (Vaults:3)
  16 storm dragons
  9 shadow dragons
  Donald (Vaults:4)
  Polyphemus (Shoals:2)
  6 plutonium crabs
  5 draconian monks
  13 tengu reavers
  4 sphinxes
  2 iron dragons (Depths:5)
  6 draconian knights
  Ilsuiw (Shoals:2)
  A bone dragon (Vaults:2)
  4 war gargoyles (Vaults:5)
  12 vault wardens
  5 fire giants
  5 nagarajas (Snake:4)
  A deep elf sorcerer (Vaults:5)
  8 frost giants
  6 draconian stormcallers
  3 platinum draconians
  Louise (Shoals:2)
  An angel (Depths:2)
  13 draconian sharpshooters
  Aizul (Depths:3)
  A magenta draconian (Zot:2)
  9 ironheart preservers
  Roxanne (Shoals:3)
  8 draconian scorchers
  2 ghost moths
  25 Orb Guardians (Zot:5)
  8 draconian shifters
  2 balrugs (Depths:3)
  6 draconian annihilators
  2 lava globs (Depths:2)
  A deep elf elementalist (Vaults:5)
  8 black draconians
  2 deep elf demonologists
  A pink draconian (Zot:5)
  7 white draconians
  6 teal draconians
  6 blood draconians
  An entropy weaver (Vaults:5)
  A scintillating draconian (Zot:4)
  3 silver draconians
  8 olive draconians
  7 purple draconians
  A green draconian (Zot:5)
  7 red draconians
  9 golden draconians
  3 vampire knights (Depths:5)
  8 death cobs
  2 blue draconians
  15 tentacled monstrosities
  5 pearl draconians
  8 lime draconians
  6 merfolk javelineers
  2 cyan draconians
  A spark wasp (shapeshifter) (Vaults:4)
  4 deep elf annihilators
  8 merfolk impalers
  6 bone draconians
  17 fire dragons
  A spark wasp (Depths:2)
  2 deep elf death magi
  5 chaos butterflies (Vaults:5)
  11 ice dragons
  2 crystal guardians
  4 merfolk avatars
  An emperor scorpion (Lair:4)
  16 naga warriors
  6 deep elf high priests
  3 jiangshi
  3 spriggan air magi
  A hell beast (Zot:4)
  17 very ugly things
  9 deep troll earth magi
  6 death knights
  5 great orbs of eyes
  13 deep troll shamans
  A satyr (Shoals:2)
  4 merfolk aquamancers
  16 stone giants
  3 boulder beetles
  3 vampire magi
  A lava worm (Depths:4)
  3 ghost crabs (Vaults:2)
  A catoblepas (Shoals:2)
  2 soul eaters
  13 ogre magi
  3 spriggan berserkers
  2 swooping magpies (Lair:5)
  10 deep elf knights
  An alligator snapping turtle (Shoals:4)
  4 spriggan defenders
  8 ettins
  13 naga sharpshooters
  11 shock serpents
  24 yaktaur captains
  4 hell knights
  6 orc high priests (Orc:2)
  2 unseen horrors
  40 vault guards
  A lindwurm (Vaults:2)
  A two-headed ogre (shapeshifter) (Vaults:4)
  A fire crab (Vaults:2)
  A cherub (D:7)
  8 salamander mystics
  36 two-headed ogres
  8 balloon dogs
  2 shadow wraiths
  3 tengu warriors
  8 anacondas
  4 phantasmal warriors
  An anaconda (shapeshifter) (Depths:2)
  7 deep elf archers
  7 naga ritualists
  7 hydras
  6 centaur warriors
  15 ironbrand convokers
  2 glowing orange brains
  12 harpies
  20 orc knights
  An obsidian statue (Depths:2)
  21 deep trolls
  5 wizards
  A death drake (shapeshifter) (Vaults:5)
  A flayed ghost (Depths:2)
  5 sun demons
  A sixfirhy (Orc:2)
  3 skeletal warriors
  4 necromancers
  20 deep elf magi
  7 death yaks
  2 spriggans (Depths:5)
  3 gelid demonspawn
  An infernal demonspawn (Orc:2)
  A guardian serpent (Snake:4)
  16 sea snakes
  A small abomination (Vaults:2)
  2 torturous demonspawn
  26 naga magi
  A rock worm (Depths:2)
  An oklob plant (Lair:5)
  2 rock worms (shapeshifter)
  4 rust devils
  14 orc sorcerers
  36 salamanders
  18 manticores
  7 merfolk sirens
  12 giraffes
  8 mana vipers
  18 moths of wrath
  35 black mambas
  3 molten gargoyles
  A hellwing (Depths:2)
  An iron troll (Depths:5)
  A smoke demon (Orc:2)
  A hellion (Depths:2)
  3 water nymphs
  34 ugly things
  An ice statue (IceCv)
  2 spiny frogs (shapeshifter)
  17 spiny frogs
  A water nymph (shapeshifter) (Depths:3)
  14 vault sentinels
  2 juggernaut skeletons
  54 yaktaurs
  A kobold demonologist (D:8)
  6 trolls
  7 freezing wraiths
  4 wolf spiders
  3 rime drakes
  11 elephants
  An ice devil (Depths:2)
  28 merfolk
  4 meliai
  An efreet (D:7)
  14 snapping turtles
  A stone giant zombie (Depths:2)
  An iron dragon skeleton (Depths:2)
  A guardian mummy (D:5)
  16 komodo dragons
  A komodo dragon (shapeshifter) (Depths:5)
  A jumping spider (shapeshifter) (Depths:4)
  2 golden dragon skeletons (Depths:2)
  A red devil (Depths:2)
  6 tengu conjurers
  A queen bee (Orc:1)
  A frost giant skeleton (Depths:2)
  6 wind drakes
  21 polar bears
  4 hornets
  A ynoxinul (Orc:2)
  A yaktaur zombie (Vaults:4)
  A raiju (Vaults:2)
  2 wraiths
  26 blink frogs
  5 dream sheep
  6 hippogriffs
  A shadow dragon simulacrum (Vaults:2)
  A dream sheep (shapeshifter) (Depths:5)
  2 shadows (D:7)
  14 wyverns
  9 cyclopes
  A human skeleton (Vaults:4)
  A tengu simulacrum (Vaults:2)
  14 water elementals
  27 yaks
  An air elemental (Vaults:2)
  3 fire elementals
  A steam dragon (Volcano)
  4 basilisks
  2 elf skeletons (Vaults:2)
  11 fire bats
  2 hungry ghosts
  3 acid dragons
  A spriggan zombie (Depths:2)
  11 slime creatures
  33 nagas
  10 wargs
  A redback (D:8)
  A wolf spider zombie (D:7)
  23 water moccasins
  A necrophage (D:4)
  10 scorpions
  73 orc warriors
  3 floating eyes (Depths:5)
  7 porcupines
  A sky beast (shapeshifter) (Depths:2)
  2 black bears (shapeshifter)
  An ice beast (D:7)
  3 sky beasts
  An eye of draining (D:5)
  26 ogres
  32 wolves
  5 black bears
  6 boggarts
  25 crocodiles
  A glowing shapeshifter simulacrum (Vaults:2)
  7 big kobolds
  17 bullfrogs
  A centaur (D:5)
  A harpy skeleton (D:4)
  A human simulacrum (Vaults:4)
  2 howler monkeys (D:4)
  16 killer bees
  A hornet zombie (D:5)
  3 quasits
  3 wights
  7 electric eels
  2 lava snakes (Vaults:2)
  3 hounds
  5 jellies
  A jelly (shapeshifter) (D:8)
  40 orc wizards
  Crazy Yiuf (D:7)
  A mummy (D:5)
  24 orc priests
  2 iguanas
  2 worker ants (D:5)
  4 lightning spires (Vaults:2)
  3 wyvern skeletons
  9 giant cockroaches
  8 iron imps
  A porcupine zombie (D:5)
  3 bullfrog zombies
  7 bullfrog skeletons
  A porcupine skeleton (D:3)
  A shadow imp (D:4)
  5 adders
  3 gnolls (D:3)
  9 sewer rats (D:2)
  A white imp (Depths:3)
  10 cinder newts
  4 worms (D:2)
  3 ufetubi
  7 oozes (D:2)
  2 hound skeletons (D:5)
  A ball lightning (Vaults:2)
  A dart slug (D:1)
  3 adder zombies (D:5)
  14 leopard geckos
  99 orcs
  3 adder skeletons
  A ball python (shapeshifter) (Vaults:5)
  4 goblins (D:1)
  4 hobgoblins (D:1)
  3 jackals (D:2)
  34 kobolds
  6 quokkas
  6 ball pythons (D:2)
  6 bats
  A bat skeleton (D:2)
  A quokka skeleton (D:5)
  A quokka zombie (D:5)
  6 rats (D:1)
  A rat skeleton (D:2)
  A butterfly (Lair:2)
  5 fungi
  4 giant blowflies (D:2)
  2 macabre masses (Vaults:2)
  70 plants
  2 slimeheads (D:2)
  19 withered plants (D:2)
2312 creatures vanquished.

Vanquished Creatures (collateral kills)
  A dancing weapon (D:7)
1 creature vanquished.

Vanquished Creatures (others)
  A dire elephant (Lair:6)
  2 dancing weapons
  A wolf spider zombie (D:7)
  An orc (Vaults:5)
  A bat (D:2)
  4 fungi
  A jellyfish (Shoals:2)
  15 plants
  90 withered plants (D:2)
116 creatures vanquished.

Grand Total: 2429 creatures vanquished

Notes
Turn   | Place    | Note
-------+----------+-------------------------------------------
     0 | Start Ma | esc the Centaur Noble began the quest for the Orb.
     0 | Start Ma | Reached XP level 1. HP: 16/16 MP: 2/2
     0 | Start Ma | Found Xueli's Expert Tomes.
     0 | Start Ma | Found Ufys's Auxillary Armour.
     6 | Start Ma | Bought a +0 triple crossbow for 400 gold pieces
    12 | Start Ma | Bought a +0 pair of gloves of archery for 230 gold pieces
    12 | Start Ma | Found Lenac's Mashing MeleeMart.
    22 | Start Ma | Bought an uncursed ring of dexterity for 329 gold pieces
    36 | D:1      | esc set off with the following items: a +0 robe, a ration,
                  | a +0 triple crossbow, a +0 pair of gloves of archery, a
                  | ring of dexterity
    69 | D:1      | Reached skill level 1 in Crossbows
   149 | D:1      | Reached XP level 2. HP: 23/23 MP: 3/3
   159 | D:1      | Reached skill level 2 in Crossbows
   204 | D:1      | Reached skill level 3 in Crossbows
   204 | D:1      | Reached XP level 3. HP: 28/28 MP: 4/4
   261 | D:1      | Reached skill level 4 in Crossbows
   302 | D:1      | Reached XP level 4. HP: 35/35 MP: 5/5
   727 | D:2      | Reached skill level 5 in Crossbows
   750 | D:2      | Reached XP level 5. HP: 40/40 MP: 6/6
   810 | D:2      | Reached skill level 6 in Crossbows
   815 | D:2      | Reached XP level 6. HP: 47/47 MP: 7/7
   850 | D:2      | Reached skill level 7 in Crossbows
   950 | D:2      | Reached skill level 8 in Crossbows
   980 | D:2      | Reached XP level 7. HP: 52/52 MP: 8/8
  1316 | D:2      | Reached skill level 9 in Crossbows
  1835 | D:2      | Reached XP level 8. HP: 62/62 MP: 9/9
  1851 | D:2      | Found a white marble altar of Elyvilon.
  2013 | D:3      | Found a hazy altar of Hepliaklqana.
  2410 | D:4      | Reached skill level 10 in Crossbows
  2444 | D:4      | Reached skill level 5 in Fighting
  2631 | D:4      | Found a staircase to the Ecumenical Temple.
  2661 | D:4      | Found a sacrificial altar of Ru.
  3009 | D:5      | Entered Level 5 of the Dungeon
  3020 | D:4      | Reached XP level 9. HP: 74/74 MP: 10/10
  3042 | D:5      | Reached skill level 11 in Crossbows
  3150 | D:5      | Noticed a troll
  3152 | D:5      | Killed a troll
  3152 | D:5      | Reached skill level 1 in Armour
  3191 | D:5      | Reached skill level 12 in Crossbows
  3294 | D:5      | Reached XP level 10. HP: 87/87 MP: 11/11
  3474 | D:5      | Noticed a two-headed ogre
  3475 | D:5      | Killed a two-headed ogre
  3505 | D:5      | Found a staircase to the Lair.
  3578 | D:5      | Identified the cursed ring "Qownyb" {Str+5 Int+4 Dex-3
                  | Slay+2, (Curse: *Drain Fragile)}
  3822 | Lair:1   | Entered Level 1 of the Lair of Beasts
  3873 | Temple   | Entered the Ecumenical Temple
  3881 | Temple   | Became a worshipper of Gozag Ym Sagoz the Greedy
  3946 | Lair:1   | Reached skill level 13 in Crossbows
  4065 | Lair:1   | Reached XP level 11. HP: 96/96 MP: 12/12
  4122 | Lair:1   | Reached skill level 5 in Armour
  4216 | Lair:1   | Reached skill level 10 in Fighting
  4953 | Lair:2   | Reached skill level 14 in Crossbows
  5181 | Lair:2   | Noticed an eight-headed hydra
  5185 | Lair:2   | Killed an eight-headed hydra
  5306 | Lair:2   | Noticed a five-headed hydra
  5307 | Lair:2   | Killed a five-headed hydra
  5421 | Lair:2   | Reached XP level 12. HP: 109/109 MP: 13/13
  5852 | Lair:3   | Identified the Almanac of the Vulture
  5919 | Lair:3   | Found a viscous altar of Jiyva.
  5925 | Lair:3   | Noticed Fuxod's ghost (journeyman GnWn)
  5931 | Lair:3   | Found a runed translucent gate.
  5931 | Lair:3   | Found a runed translucent gate.
  5931 | Lair:3   | Found a runed translucent gate.
  5973 | Lair:3   | Found a staircase to the Shoals.
  5999 | Lair:3   | Reached skill level 15 in Crossbows
  6056 | Lair:3   | Found a staircase to the Snake Pit.
  6112 | Lair:3   | Noticed a boulder beetle
  6115 | Lair:3   | Killed a boulder beetle
  6577 | Lair:4   | Identified the cursed +5 dagger of Okawaru's Favour
                  | {pierce, rC+ rN+ Str+4 +Vis, (Curse: MR-)}
  6607 | Lair:4   | Noticed an emperor scorpion
  6610 | Lair:4   | Killed an emperor scorpion
  6610 | Lair:4   | Reached XP level 13. HP: 118/118 MP: 14/14
  7084 | Lair:5   | Found a viscous altar of Jiyva.
  7086 | Lair:5   | Found a staircase to the Slime Pits.
  7145 | Lair:5   | Found a runed translucent gate.
  7145 | Lair:5   | Found a runed translucent gate.
  7145 | Lair:5   | Found a runed translucent gate.
  7149 | Lair:5   | Noticed Ruewk's ghost (journeyman CeAM)
  7150 | Lair:5   | Identified the cursed +5 scimitar of Cokk {antimagic, *Rage
                  | Str+6 Int+4, (Curse: *Corrode)}
  7217 | Lair:5   | Reached skill level 16 in Crossbows
  7854 | Lair:5   | Found a dark tunnel.
  8051 | Volcano  | Entered a volcano
  8660 | Lair:6   | Entered Level 6 of the Lair of Beasts
  8708 | Lair:6   | Reached XP level 14. HP: 128/128 MP: 15/15
  8931 | Lair:6   | Reached skill level 17 in Crossbows
  8968 | Lair:6   | Reached skill level 10 in Armour
  9601 | D:6      | Found a staircase to the Orcish Mines.
  9635 | D:6      | Found a glowing golden altar of the Shining One.
 10307 | D:7      | Found a gate to the Vaults.
 10518 | D:7      | Found a runed translucent door.
 10521 | D:7      | Noticed Crazy Yiuf
 10606 | D:7      | Found a frozen archway.
 10612 | IceCv    | Entered an ice cave
 10720 | IceCv    | Found the +7 great mace "Undeadhunter" {disrupt, rN+}
 11185 | IceCv    | Identified the +7 mangonel of Cocaud {freeze, Stlth+}
 11185 | IceCv    | Noticed a frost giant
 11188 | IceCv    | Killed a frost giant
 11188 | IceCv    | Reached XP level 15. HP: 104/138 MP: 16/16
 11627 | D:7      | Killed Crazy Yiuf
 11702 | Orc:1    | Entered Level 1 of the Orcish Mines
 11712 | Orc:1    | Reached skill level 15 in Fighting
 11987 | Orc:1    | Found Ycul's Gadget Emporium.
 12063 | Orc:2    | Entered Level 2 of the Orcish Mines
 12070 | Orc:1    | Reached skill level 18 in Crossbows
 12095 | Orc:2    | Found a roughly hewn altar of Beogh.
 12133 | Orc:2    | Found Ziosod's Armour Shop.
 12167 | Orc:2    | Identified the cursed ring "Waddab" {Fire Str+2, (Curse:
                  | *Drain Fragile)}
 12516 | Orc:2    | Found Woexkuwa's Distillery.
 12517 | Orc:2    | Found Yluv's Distillery.
 12517 | Orc:2    | Identified the cursed ring "Podedu" {rC++ MR+ MP-9 Dex+4,
                  | (Curse: Fragile)}
 12845 | Orc:2    | Identified the cursed ring of Suicidal Tendencies {*Contam
                  | MR+ Str+6 Int+5, (Curse: Fragile -Vis)}
 12991 | Orc:2    | Found Siocke's Antique Armour Emporium.
 12991 | Orc:2    | Found Vumn's Book Shoppe.
 12991 | Orc:2    | Found a one-way gate leading to the halls of Pandemonium.
 13041 | Orc:2    | Found a staircase to the Elven Halls.
 13101 | Orc:2    | Bought a +2 helmet of improved vision for 322 gold pieces
 13112 | Orc:2    | Bought a runed cloak for 195 gold pieces
 13112 | Orc:2    | Bought a scroll of blinking for 195 gold pieces
 13112 | Orc:2    | Bought a scroll of enchantment for 195 gold pieces
 13112 | Orc:2    | Bought a steaming crystal amulet for 130 gold pieces
 13112 | Orc:2    | Identified the cursed amulet of the Scarab {*Contam +Rage
                  | rN+ Str+3, (Curse: -Vis MR-)} (You bought it in a shop on
                  | level 2 of the Orcish Mines)
 13117 | Orc:2    | Bought a potion of heal wounds for 195 gold pieces
 13297 | Snake:1  | Entered Level 1 of the Snake Pit
 13323 | Snake:1  | Found Ripiruh's Assorted Antiques.
 13664 | Snake:1  | Identified a scroll of acquirement
 13672 | Snake:1  | Identified the ring "Tebuliy" {Wiz rPois rF+ Str-3 Dex+2}
                  | (You acquired it on level 1 of the Snake Pit)
 13693 | Snake:1  | Identified the cursed amulet "Cuvov" {Reflect rN+ Str+2
                  | SH+5, (Curse: Fragile)}
 13814 | Snake:1  | Found a flickering gateway to a bazaar.
 14092 | Bazaar   | Entered a bazaar
 14106 | Bazaar   | Found Ostoc's Weapon Emporium.
 14123 | Bazaar   | Found Qyova's Antique Armour Emporium.
 14140 | Bazaar   | Found Xaoll's Magic Scroll Shoppe.
 14140 | Bazaar   | Found Yfus's Antique Weapon Emporium.
 14181 | Bazaar   | Bought a scroll of blinking for 90 gold pieces
 14181 | Bazaar   | Bought a scroll of blinking for 90 gold pieces
 14181 | Bazaar   | Bought a scroll of enchantment for 90 gold pieces
 14181 | Bazaar   | Bought a scroll of acquirement for 624 gold pieces
 14181 | Bazaar   | Bought a scroll of enchantment for 90 gold pieces
 14195 | Bazaar   | Bought a scorched helmet for 285 gold pieces
 14195 | Bazaar   | Identified the +0 helmet of the Old World {rF+ MP-9 Int+9
                  | +Vis} (You bought it in a shop in a bazaar)
 14741 | Snake:2  | Reached XP level 16. HP: 150/150 MP: 17/17
 14967 | Snake:2  | Found Ytseki Qaas's Weapon Shoppe.
 14974 | Snake:2  | Found Gifadgho's Assorted Antiques.
 14989 | Snake:2  | Bought a scroll of blinking for 210 gold pieces
 14989 | Snake:2  | Bought a scroll of blinking for 210 gold pieces
 14989 | Snake:2  | Bought a gilded ring for 140 gold pieces
 14994 | Snake:2  | Reached skill level 19 in Crossbows
 15793 | Snake:4  | Entered Level 4 of the Snake Pit
 15952 | Snake:4  | Identified the cursed ring of Vuatet {+Inv rCorr Str+3
                  | Int-5, (Curse: Fragile)}
 16189 | Snake:4  | Reached XP level 17. HP: 101/160 MP: 18/18
 16197 | Snake:4  | Reached skill level 20 in Crossbows
 16220 | Snake:4  | Identified the cursed +5 mace "Kuozon" {crush, Str+3,
                  | (Curse: rC-)} (You took it off a naga mage on level 4 of
                  | the Snake Pit)
 16334 | Snake:4  | Got a serpentine rune of Zot
 16578 | Shoals:1 | Entered Level 1 of the Shoals
 16811 | Shoals:1 | Reached skill level 1 in Dodging
 17097 | Shoals:2 | Noticed Louise
 17102 | Shoals:2 | Killed Louise
 17243 | Shoals:2 | Noticed Ilsuiw
 17245 | Shoals:2 | Killed Ilsuiw
 17274 | Shoals:2 | Identified the cursed ring "Fino" {*Contam rC+ rCorr Str+5,
                  | (Curse: Fragile)}
 17274 | Shoals:2 | Noticed Nikola
 17276 | Shoals:2 | Killed Nikola
 17437 | Shoals:2 | Identified the cursed +6 scale mail of Mezcal {rElec,
                  | (Curse: *Tele)}
 17474 | Shoals:2 | Noticed Polyphemus
 17478 | Shoals:2 | Killed Polyphemus
 17664 | Shoals:3 | Identified Roxanne's Papyrus of the Volcanoes
 17664 | Shoals:3 | Noticed Roxanne
 17670 | Shoals:3 | Killed Roxanne
 18167 | Shoals:4 | Entered Level 4 of the Shoals
 18267 | Shoals:4 | Reached XP level 18. HP: 170/170 MP: 19/19
 18380 | Shoals:4 | Found Foishrei's Distillery.
 18394 | Shoals:4 | Identified the cursed ring of Wazepone {*Tele rPois rF++
                  | rC-, (Curse: Fragile)}
 18440 | Shoals:4 | Found Bepod's Gadget Boutique.
 18679 | Shoals:4 | Identified the cursed +11 trident of the Priest {pierce,
                  | Str+4 Dex+2, (Curse: *Slow rF-)}
 18751 | Shoals:4 | Got a barnacled rune of Zot
 19127 | Vaults:1 | Entered Level 1 of the Vaults
 19249 | Vaults:1 | Reached skill level 21 in Crossbows
 19252 | Vaults:1 | Reached skill level 5 in Dodging
 19428 | Vaults:1 | Identified the cursed amulet "Ammeneg" {RegenMP rF- MR+
                  | Dex+4, (Curse: Fragile)}
 19972 | Vaults:1 | Found Guihom's Antique Armour Shop.
 19992 | Vaults:1 | Bought the +3 crown of Dyrovepreva {rElec Int+2 +Vis} for
                  | 1242 gold pieces
 19992 | Vaults:1 | Found the +3 crown of Dyrovepreva {rElec Int+2 +Vis}
 20302 | Vaults:2 | Identified Siudypp's Disquisition on Feathers
 20680 | Vaults:2 | Reached XP level 19. HP: 180/180 MP: 20/20
 20788 | Vaults:2 | Identified the Handbook of Necromancy
 20903 | Vaults:2 | Killed Frederick
 21091 | Vaults:2 | Identified the Collected Works on Fire
 21318 | Vaults:3 | Found a staircase to the Crypt.
 21390 | Vaults:3 | Identified the +1 ring mail of Makhleb's Hope {+Inv Regen+
                  | Str+4 Int-2}
 21442 | Vaults:3 | Found Urojucic's Gadget Emporium.
 21943 | Vaults:3 | Found Sienagimp's Book Emporium.
 21989 | Vaults:3 | Identified the cursed +4 arbalest of Fedhas Madash's Wrath
                  | {freeze, rC+ MR+, (Curse: rF-)}
 22018 | Vaults:3 | Found Feheumen's General Store.
 22023 | Vaults:3 | Bought a scroll of enchantment for 157 gold pieces
 22172 | Vaults:3 | Noticed Xtahua
 22172 | Vaults:3 | Noticed Margery
 22178 | Vaults:3 | Killed Xtahua
 22179 | Vaults:3 | Killed Margery
 22179 | Vaults:3 | Reached skill level 22 in Crossbows
 22179 | Vaults:3 | Reached XP level 20. HP: 150/190 MP: 21/21
 22629 | Vaults:4 | Reached skill level 15 in Armour
 22694 | Vaults:4 | Noticed Donald
 22695 | Vaults:4 | Killed Donald
 23117 | Vaults:4 | Identified the cursed ring of Miracles {Fire -Vis MR+ Str+3
                  | Int+3, (Curse: *Drain Fragile)}
 23705 | Vaults:5 | Entered Level 5 of the Vaults
 23705 | Vaults:5 | Identified the cursed ring "Nisaec" {*Corrode rPois rN+
                  | EV+5 Slay+2 Stlth+, (Curse: Fragile rC-)}
 23706 | Vaults:5 | Noticed a golden dragon
 23811 | Vaults:5 | Noticed Sojobo
 23814 | Vaults:5 | Killed Sojobo
 23871 | Vaults:5 | Noticed a golden dragon
 23873 | Vaults:5 | Killed a golden dragon
 23875 | Vaults:5 | Reached XP level 21. HP: 201/201 MP: 22/22
 23877 | Vaults:5 | Identified the +3 leather armour of Gestures {*Drain rElec
                  | rF++}
 23877 | Vaults:5 | Noticed an ancient lich
 23881 | Vaults:5 | Killed an ancient lich
 23913 | Vaults:5 | Identified the +3 flail "Ciakh" {crush, *Rage MR++ Int+3}
 23939 | Vaults:5 | Identified the cursed ring "Muet" {rPois rN+++ Str-3 +Vis
                  | Stlth-, (Curse: *Slow Fragile)}
 23967 | Vaults:5 | Identified the +1 scale mail of Dice, Bag, and Bottle {rF+
                  | MR+ Str+2 Stlth+}
 23980 | Vaults:5 | Identified the cursed vampiric +3 sai of Ahympaxt {vamp,
                  | MR+, (Curse: Soulbond)}
 23981 | Vaults:5 | Reached skill level 23 in Crossbows
 23998 | Vaults:5 | Identified the cursed +4 chain mail of the Inquisitive
                  | Coins {-Tele rC++ rN+ Int+2, (Curse: *Drain)}
 23998 | Vaults:5 | Identified the +4 buckler of the Doge {Int+2 Dex+3 Stlth+}
 24003 | Vaults:5 | Reached skill level 10 in Dodging
 24010 | Vaults:5 | Identified the cursed amulet "Agiexorr" {Reflect rC+ SH+5,
                  | (Curse: *Drain)}
 24015 | Vaults:5 | Noticed an ancient lich
 24017 | Vaults:5 | Killed an ancient lich
 24047 | Vaults:5 | Identified the cursed +9 dagger of Dominance {vamp, rN+
                  | Int+3, (Curse: MR-)}
 24092 | Vaults:5 | Identified the cursed +2 staff of the Penguin {warp, cold;
                  | rC+ Str+4, (Curse: rF-)}
 24222 | Vaults:5 | Killed a golden dragon
 24238 | Vaults:5 | Noticed Saint Roka
 24242 | Vaults:5 | Killed Saint Roka
 24265 | Vaults:5 | Reached XP level 22. HP: 170/211 MP: 23/23
 24298 | Vaults:5 | Identified the ring "Detukh" {*Tele rPois rC+++ Int-4} (You
                  | took it off a vault guard on level 5 of the Vaults)
 24524 | Vaults:5 | Identified the +0 pair of boots "Koocreheux" {Int-2 Dex+10}
 24588 | Vaults:5 | Identified the Handbook of Ignition
 24602 | Vaults:5 | Got a silver rune of Zot
 24896 | Vaults:5 | Identified the +7 scutum "Mixtem" {rF+++ Str-2 +Vis Stlth+}
 24911 | Vaults:5 | Identified Ruodibics's Guide on the Volcanoes
 25126 | Vaults:5 | Bought a +9 plate armour of ponderousness for 720 gold
                  | pieces
 25147 | Vaults:5 | Bought the ring "Apaxerru" {rF++ AC+5} for 1272 gold pieces
 25279 | D:8      | Entered Level 8 of the Dungeon
 25279 | D:8      | Identified the +4 halberd "Viffen" {speed, rElec Dex+2}
 25293 | D:8      | Found a snail-covered altar of Cheibriados.
 25298 | D:8      | Found the +13 sword of the Doom Knight {pain, -Cast MR+}
 25546 | D:8      | Found a staircase to the Depths.
 25713 | Depths:1 | Entered Level 1 of the Depths
 25779 | Depths:1 | Found a gateway to Hell.
 25877 | Depths:1 | Found Koul's Weapon Boutique.
 26454 | Depths:2 | Found a gateway to a ziggurat.
 26680 | Depths:2 | Found a gateway to a bazaar.
 27220 | Bazaar   | Entered a bazaar
 27220 | Bazaar   | Found Onimiq's Gadget Emporium.
 27220 | Bazaar   | Found Ipreshrir's Armour Shoppe.
 27220 | Bazaar   | Found Oni Luoz's Assorted Antiques.
 27220 | Bazaar   | Found Anilut's Magic Scroll Emporium.
 27220 | Bazaar   | Found Mamohu Towa's Book Shoppe.
 27230 | Bazaar   | Bought a scroll of fear for 84 gold pieces
 27230 | Bazaar   | Bought a potion of heal wounds for 120 gold pieces
 27236 | Bazaar   | Bought a scroll of magic mapping for 66 gold pieces
 27236 | Bazaar   | Bought a scroll of blinking for 142 gold pieces
 27236 | Bazaar   | Bought a scroll of enchantment for 142 gold pieces
 27248 | Bazaar   | Bought a steaming chain mail for 228 gold pieces
 27248 | Bazaar   | Identified the +0 chain mail of Vil Naor {+Inv Str+4 Int+2
                  | Stlth+} (You bought it in a shop in a bazaar)
 27300 | Depths:3 | Reached skill level 24 in Crossbows
 27412 | Depths:3 | Found Peklyhang's Gadget Shop.
 27427 | Depths:3 | Reached XP level 23. HP: 212/221 MP: 24/24
 27618 | Depths:3 | Identified the +1 plate armour "Tilesm" {rF++ Regen+ Int-4}
 27993 | Depths:3 | Noticed Aizul
 27995 | Depths:3 | Killed Aizul
 28181 | Depths:4 | Found Ybiyroef's Antique Armour Boutique.
 28275 | Depths:4 | Identified the cursed ring "Lasufik" {-Vis rPois Str-4
                  | Int+2 Slay+4, (Curse: Fragile)}
 28604 | Depths:4 | Found a one-way gate to the infinite horrors of the Abyss.
 28824 | Depths:4 | Identified the cursed +4 ring mail of the Kettle-Drum
                  | {rPois, (Curse: Slay-5)}
 29061 | Depths:5 | Entered Level 5 of the Depths
 29085 | Depths:5 | Found Cuzximm's Magic Scroll Shop.
 29104 | Depths:5 | Bought a scroll of acquirement for 520 gold pieces
 29104 | Depths:5 | Bought a scroll of fog for 20 gold pieces
 29104 | Depths:5 | Bought a scroll of blinking for 75 gold pieces
 29104 | Depths:5 | Bought a scroll of fear for 35 gold pieces
 29104 | Depths:5 | Bought a scroll of fear for 35 gold pieces
 29104 | Depths:5 | Identified the +0 crystal plate "Xaixzy" {rN+ MR- Dex+4}
                  | (You acquired it on level 5 of the Depths)
 29104 | Depths:5 | Identified the +8 hand crossbow "Ximival" {elec, rPois rF+}
                  | (You acquired it on level 5 of the Depths)
 29223 | Depths:5 | Found a gate to the Realm of Zot.
 29522 | Depths:5 | Identified the cursed ring of the Tick {Int+3 Dex+5 Stlth+,
                  | (Curse: rC-)}
 29570 | Depths:5 | Found Saic's Armour Boutique.
 29687 | Depths:5 | Identified the cursed ring of Equivalence {+Blink rN+ AC+5
                  | Dex+4, (Curse: rF-)}
 29738 | Depths:5 | Reached XP level 24. HP: 217/231 MP: 24/24
 29793 | Depths:5 | Identified the cursed ring "Gurodon" {+Inv rElec Str+5
                  | Stlth+, (Curse: Dex-4)}
 29946 | Depths:5 | Identified the Volume of the Volcanoes
 30124 | Zot:1    | Entered Level 1 of the Realm of Zot
 30207 | Zot:1    | Reached skill level 25 in Crossbows
 30450 | Zot:1    | Identified the +4 arbalest of the Enemy {velocity, +Inv
                  | rPois Int+2 Dex-4}
 30818 | Zot:2    | Identified the cursed +7 broad axe of the First Friends
                  | {vamp, Dex+3, (Curse: *Corrode)}
 31556 | Zot:3    | Noticed an orb of fire
 31739 | Zot:4    | Gained mutation: You occasionally shout uncontrollably at
                  | your foes. [mutagenic glow]
 31856 | Zot:4    | Found a runed translucent gate.
 31856 | Zot:4    | Found a runed translucent gate.
 31857 | Zot:4    | Found a runed translucent gate.
 31871 | Zot:4    | Noticed Mikey69's ghost (legendary DsBe)
 31874 | Zot:4    | Identified the +8 targe of Touxtyfo {venom, rF+}
 31874 | Zot:4    | Noticed an orb of fire
 32130 | Zot:4    | Reached XP level 25. HP: 240/240 MP: 24/24
 32254 | Zot:4    | Identified the cursed amulet of the Modern Beds {rC+ Regen+
                  | Str-5 Int+5, (Curse: Fragile)}
 32264 | Zot:4    | Identified the cursed ring of Dosav {Wiz +Inv Int+4,
                  | (Curse: *Slow Fragile)}
 32264 | Zot:4    | Noticed a Killer Klown
 32269 | Zot:4    | Killed a Killer Klown
 32269 | Zot:4    | Reached skill level 15 in Dodging
 32595 | Zot:3    | Killed an orb of fire
 32636 | Zot:3    | Identified the +8 dagger of the Spectre {venom, rElec
                  | Str+3}
 32709 | Zot:3    | Noticed an orb of fire
 32712 | Zot:3    | Killed an orb of fire
 32768 | Zot:3    | Noticed an orb of fire
 32772 | Zot:3    | Killed an orb of fire
 32803 | Zot:3    | Noticed an orb of fire
 32810 | Zot:3    | Killed an orb of fire
 33289 | Zot:3    | Reached skill level 26 in Crossbows
 33830 | Zot:5    | Entered Level 5 of the Realm of Zot
 33858 | Zot:5    | Reached XP level 26. HP: 251/251 MP: 24/24
 34232 | Zot:5    | Identified the cursed ring of the Harvest {rPois rN+,
                  | (Curse: Fragile)}
 34260 | Zot:5    | Noticed an ancient lich
 34262 | Zot:5    | Killed an ancient lich
 34351 | Zot:5    | Noticed an orb of fire
 34355 | Zot:5    | Killed an orb of fire
 34365 | Zot:5    | Noticed an ancient lich
 34367 | Zot:5    | Killed an ancient lich
 34370 | Zot:5    | Noticed an orb of fire
 34372 | Zot:5    | Killed an orb of fire
 34375 | Zot:5    | Noticed a Killer Klown
 34376 | Zot:5    | Killed a Killer Klown
 34902 | Zot:5    | Noticed a Killer Klown
 34903 | Zot:5    | Killed a Killer Klown
 34903 | Zot:5    | Identified the cursed amulet of Salvation {Harm *Drain
                  | Fragile rN++ MR++, (Curse: Fragile)}
 34905 | Zot:5    | Noticed an orb of fire
 34909 | Zot:5    | Killed an orb of fire
 34913 | Zot:5    | Noticed an ancient lich
 34914 | Zot:5    | Killed an ancient lich
 34933 | Zot:5    | Reached XP level 27. HP: 262/262 MP: 24/24
 35103 | Zot:5    | Got the Orb of Zot
 35402 | D:7      | Identified the cursed ring of Irphawk {Fire rN+ Str-2
                  | Dex+8, (Curse: Fragile)}
 35403 | D:7      | Reached skill level 27 in Crossbows
 35534 | D:$      | Escaped with the Orb!

Levels and vault maps discovered:
D:1:      sevenhm_arrival_forest_fort_small_4, layout_loops_ring, first_ration
D:2:      layout_sewer, elyvilon_niche
D:3:      layout_basic, lemuel_crystal_altar
D:4:      layout_big_octagon, overflow_temple_1_default,
          minmay_temple_entry_mini_moons
D:5:      layout_roguey, lair_entry_dummy, nicolae_ossuary_entry_catacombs
D:6:      layout_basic, old_standard_altar, orc_0_dummy
D:7:      layout_rooms, erik_vaults_1, portal_ice_cave_entry_pillars_1,
          hangedman_decor_opposing, uniq_crazy_yiuf_cottage
D:8:      grunt_enter_depths_hoard, layout_basic, cheibriados_altar_1
Temple:   nicolae_temple_x_marks_the_god
Lair:1:   layout_small_grid
Lair:2:   layout_cave_pods, lemuel_fruit_fields
Lair:3:   layout_chaotic_city, minmay_shoals_entry_beasts,
          guppyfry_snake_entry_island, gammafunk_ghost_ooze
Lair:4:   layout_concentric_octagons, nicolae_ossuary_entry_monument
Lair:5:   layout_cave_shapes, slime_island, gammafunk_ghost_hydra_chop,
          lightli_volcano_entry_magma_tube, grunt_megastairs_2
Lair:6:   gammafunk_lair_ancient_temple, layout_loops_ring,
          chequers_serial_rivers_small_b, columned_hall_lemuel,
          infiniplex_staircase_pool_2
Shoals:1: layout_shoals
Shoals:2: layout_shoals, uniq_louise, uniq_polyphemus, uniq_ilsuiw, uniq_nikola
Shoals:3: layout_shoals, uniq_roxanne
Shoals:4: shoals_end_simple, layout_shoals, serial_shops,
          nicolae_shop_competitors_out_of_business, shop
Snake:1:  layout_onion_interference, serial_shops, bzr_entry_dummy, shop,
          serial_bayou_shore_a
Snake:2:  layout_gridlike, serial_bayou_lagoon_b, minmay_shoptagon
Snake:3:  layout_gridlike
Snake:4:  snake_pit, layout_misc_corridors, hangedman_snake_thin_pillar_pass
Orc:1:    layout_caves, special_room [special_room_bee], serial_shops,
          shop_statue, shop, abandoned_shop
Orc:2:    pf_orc_diabolical, layout_caves, basic_altar, serial_shops,
          nicolae_shop_waterfront, mines4_lemuel
Vaults:1: vaults_mumra_lcd, hangedman_vaults_restitches,
          hangedman_vaults_unwind, nicolae_vaults_rhombus_6,
          nicolae_vaults_diagonal_hallway_8, nicolae_vaults_circle_grid_a,
          nicolae_vaults_bisected_slash, nicolae_vaults_little_squares_2,
          nicolae_vaults_little_squares_5, v_misc_2, layout_vaults_maze_snakey,
          serial_shops, nicolae_shop_statue_plus
Vaults:2: grunt_vaults_swirl, v_misc_13, nicolae_vaults_back_hallway,
          vaults_dpeg_ring, vaults_dpeg_cross, ontoclasm_vaults_loading_screen,
          nicolae_vaults_asterisk, vaults_room_grunt_arrival_checkpoint,
          vaults_room_door_hall, v_pattern_1, v_alt_pattern_6,
          nicolae_vaults_holding_cells, nicolae_vaults_what_the_h,
          nicolae_vaults_little_squares_6, v_misc_13, ontoclasm_vaults_hangar,
          vaults_dpeg_encased_lava, layout_vaults_omnibox,
          serial_hangedman_research, hangedman_research_pyrotechnics,
          hangedman_research_thanatology, hangedman_research_electronics,
          uniq_frederick
Vaults:3: grunt_vaults_trifunnel, minmay_crypt_entry_simple_corners, st_cross,
          hangedman_vaults_slice, hangedman_vaults_corner_blocks,
          v_alt_pattern_1, nicolae_vaults_little_squares_3,
          nicolae_vaults_yaktaur_gun_rack, layout_vaults_chaotic_city,
          serial_shops, shop, shop, nicolae_shop_behind_doors, uniq_xtahua,
          uniq_margery
Vaults:4: vaults_room_glass_cross, dpeg_vaults_monster_box,
          ontoclasm_vaults_chip, hangedman_vaults_hat, ontoclasm_vaults_idyll,
          nicolae_vaults_network_barrier, v_rooms_3, vaults_mumra_chevron_long,
          v_pattern_5, nicolae_vaults_little_squares_2, vaults_room_pools,
          ontoclasm_vaults_shuriken, layout_vaults_big_cross, uniq_donald
Vaults:5: serial_shops, uniq_sojobo, uniq_saint_roka
Depths:1: layout_basic, serial_shops, nicolae_shop_stone, hell_entry, kb_rosetta
Depths:2: evilmike_marble_ring, layout_gridlike, enter_ziggurat_a,
          grunt_pan_entry_sceptre, serial_shops, statue_bzr, hell_entry,
          kennysheep_boxes
Depths:3: kennysheep_funnel, layout_basic, lightli_too_deep,
          small_statue_intersection, serial_shops, nicolae_shop_crystal,
          grunt_pan_entry_zigzag, uniq_aizul
Depths:4: minmay_tile_spiral, layout_cave_pools, serial_shops,
          nicolae_shop_competitors_out_of_business, hell_entry, serial_sigils,
          serial_sigils_hangedman_quiver, serial_sigils_hangedman_shear,
          serial_sigils_hangedman_carve, serial_sigils_hangedman_confine,
          serial_sigils_hangedman_stare, abyss_entry, kennysheep_generic_room_13
Depths:5: hangedman_spin_cycle, hell_entry, pan_entry, serial_shops
Zot:1:    layout_onion
Zot:2:    layout_concentric_octagons
Zot:3:    layout_cathedral_of_symmetry, evilmike_ambush
          [evilmike_ambush_outer_corners, evilmike_ambush_inner_pond],
          lemuel_elevator, grunt_megastairs_1
Zot:4:    layout_basic, gammafunk_ghost_split
Zot:5:    layout_basic

Skill      XL: |  1  2  3  4  5  6  7  8  9 10 11 12 13 14 15 16 17 18 19 20 21 22 23 24 25 26 27 |
---------------+----------------------------------------------------------------------------------+-----
Crossbows      | 1 3 4 5 6 8 9 10 12 13 14 15 16 17 18 19 20 21 22 23 24 25 26 27 | 27.0
Fighting       | 2 5 7 9 11 12 13 14 16 17 18 19 20 21 22 23 24 | 24.4
Armour         | 2 4 6 8 9 10 11 12 13 14 15 16 17 18 19 | 19.4
Dodging        | 3 6 7 9 10 11 13 14 15 16 | 16.7
Stealth        | |  0.4
Spellcasting   | |  1.0

Action                   |  1- 3 |  4- 6 |  7- 9 | 10-12 | 13-15 | 16-18 | 19-21 | 22-24 | 25-27 || total
-------------------------+-------+-------+-------+-------+-------+-------+-------+-------+-------++-------
 Fire: Triple crossbow   |    31 |    69 |   131 |   162 |   449 |   362 |   363 |   519 |   236 ||  2322
Invok: Call Merchant     |       |       |       |       |     5 |       |       |     6 |       ||    11
Evoke: Wand              |       |       |       |       |     1 |       |       |       |       ||     1
  Use: Scroll            |     1 |     2 |     1 |       |     9 |     9 |     2 |    26 |     1 ||    51
       Potion            |       |       |       |       |       |     1 |     2 |     2 |     2 ||     7
  Eat: Chunk             |       |       |     2 |     1 |       |       |       |       |       ||     3
       Ration            |       |       |     1 |     2 |     6 |     4 |     4 |     4 |     4 ||    25
Armor: Robe              |     6 |     3 |     1 |       |       |       |       |       |       ||    10
       Plate armour      |       |       |     6 |       |       |       |       |    66 |    34 ||   106
       Scale mail        |       |       |       |    12 |    33 |    54 |    49 |     2 |       ||   150
Dodge: Dodged            |     4 |     2 |     4 |     6 |    16 |    10 |    10 |    17 |    13 ||    82
